 Dungeon Crawl Stone Soup version 0.24.1-14-gf8d2b509d9 (webtiles) character file.

Game seed: 10220766420641343119, levelgen mode: deterministic

153 Hugehornet the Cudgeler (level 5, -3/45 HPs)
             Began as a Troll Wizard on May 23, 2020.
             Slain by an orc priest
             ... wielding a +0 morningstar
              (13 damage)
             ... on level 4 of the Dungeon.
             The game lasted 00:04:29 (2054 turns).

Hugehornet the Cudgeler (Troll Wizard)              Turns: 2054, Time: 00:04:30

Health: -3/45      AC:  6    Str: 15    XL:     5   Next: 12%
Magic:  8/8        EV:  9    Int: 15    God:
Gold:   184        SH:  0    Dex:  5    Spells: 3/9 levels left

rFire    + . .     SeeInvis .   (no weapon)
rCold    . . .     Gourm    +   (no shield)
rNeg     . . .     Faith    .   a - +0 robe
rPois    .         Spirit   .   b - +0 hat
rElec    .         Reflect  .   (no cloak)
rCorr    .         Harm     .   (gloves unavailable)
MR       .....                  (boots unavailable)
Stlth    +.........             j - amulet of the acrobat
HPRegen  0.55/turn              f - ring of protection from fire
MPRegen  0.11/turn              n - -3 ring of dexterity (curse)

@: no status effects
A: large, unfitting armour, claws 3, fast metabolism 3, gourmand, regeneration
1, shaggy fur 1, tough skin 3
a: no special abilities


You were on level 4 of the Dungeon.
You were not hungry.

You visited 1 branch of the dungeon, and saw 4 of its levels.

You collected 184 gold pieces.

Inventory:

Hand Weapons
 o - a +0 flail
Armour
 a - a +0 robe (worn)
 b - a +0 hat (worn)
Jewellery
 f - a ring of protection from fire (left claw)
 j - an amulet of the acrobat (around neck)
 n - a cursed -3 ring of dexterity (right claw)
Wands
 k - a wand of digging (2)
Scrolls
 c - 4 scrolls of teleportation
 h - a scroll of enchant weapon
Potions
 i - a potion of curing
 l - a potion of brilliance
 m - a potion of berserk rage
Comestibles
 d - 9 rations


   Skills:
 * Level 3.1 Maces & Flails
 - Level 1.5 Dodging
 - Level 1.0 Stealth
 - Level 0.6 Unarmed Combat
 - Level 2.7 Spellcasting
 - Level 0.7 Conjurations
   Level 0.6 Summonings
 - Level 0.6 Translocations
 - Level 0.1 Air Magic
 - Level 0.1 Poison Magic


You had 3 spell levels left.
You knew the following spells:

 Your Spells              Type           Power        Failure   Level  Hunger
a - Magic Dart            Conj           #...         16%         1    #......
b - Blink                 Tloc           N/A          24%         2    ##.....
c - Mephitic Cloud        Conj/Pois/Air  #.......     47%         3    ###....

Your spell library contained the following spells:

 Spells                   Type           Power        Failure   Level  Hunger
 Call Imp                 Summ           #.......     24%         2    ##.....
 Slow                     Hex            #.......     30%         2    ##.....
 Conjure Flame            Conj/Fire      #.......     47%         3    ###....


Dungeon Overview and Level Annotations

Branches:
Dungeon (4/15)
 Temple: D:4-7

Altars:


Innate Abilities, Weirdness & Mutations

You are too large for most types of armour.
You have claws for hands.
Your metabolism is lightning-fast.
You like to eat raw meat.
Your natural rate of healing is unusually fast.
You are covered in fur. (AC +1)
You have extremely tough skin. (AC +3)


Message History

You scratch the orc priest but do no damage.
The orc priest is lightly wounded.
The orc priest closely misses you.
You claw the orc priest!
The orc priest is severely wounded.
The orc priest barely misses you.
The orc priest mumbles some strange prayers to Beogh against you.
Beogh smites you!
* * * LOW HITPOINT WARNING * * *
You feel better.
You feel yourself speed up.
The orc priest looks braver for a moment.
Okay, then.
You barely miss the orc priest.
The orc priest is severely wounded.
The orc priest barely misses you.
You barely miss the orc priest.
The orc priest is severely wounded.
The orc priest hits you with a +0 morningstar!
You die...

#.....#.........#
#.####.#.#.####.#
#.# ###.#.####.##
#.# ####.#.......#
#.#
#....######..####.#
..# #.####
#.......# ### #
##.###### #.# #@#
#o# #.# ..# ..#
.... .... .....


You could see an orc priest.

Vanquished Creatures
  A bullfrog zombie (D:3)
  An orc wizard (D:4)
  A hound skeleton (D:4)
  A gnoll (D:1)
  An adder (D:3)
  An ooze (D:1)
  2 worms (D:3)
  2 leopard geckos
  2 orcs
  A ball python (D:3)
  5 giant cockroaches
  6 hobgoblins
  5 kobolds
  3 bats
  7 frilled lizards
  6 goblins
  5 rats
50 creatures vanquished.

Notes
Turn   | Place    | Note
-------+----------+-------------------------------------------
     0 | D:1      | Hugehornet the Troll Wizard began the quest for the Orb.
     0 | D:1      | Reached XP level 1. HP: 16/16 MP: 2/2
   113 | D:1      | Reached XP level 2. HP: 24/24 MP: 4/4
   225 | D:1      | Reached XP level 3. HP: 30/31 MP: 6/6
   229 | D:1      | Learned a level 2 spell: Blink
   233 | D:1      | Learned a level 3 spell: Mephitic Cloud
   996 | D:3      | Reached skill level 1 in Maces & Flails
  1274 | D:3      | Reached XP level 4. HP: 22/39 MP: 7/7
  1754 | D:3      | Reached skill level 2 in Maces & Flails
  2038 | D:4      | Reached skill level 3 in Maces & Flails
  2038 | D:4      | Reached XP level 5. HP: 45/45 MP: 8/8
  2051 | D:4      | HP: 1/45 [orc priest/divine providence (15)]
  2054 | D:4      | Slain by an orc priest

Levels and vault maps discovered:
D:1:      psy_arrival_dodecagon, layout_basic, minivault_26,
          chequers_serial_rivers_micro_e
D:2:      layout_basic
D:3:      layout_basic
D:4:      layout_loops_ring, first_ration, uniq_crazy_yiuf_cottage,
          uniq_menkaure, uniq_grinder

Skill      XL: |  1  2  3  4 |
---------------+-------------+-----
Maces & Flails | 1 3 |  3.1
Dodging        | |  1.5
Stealth        | |  1.0
Unarmed Combat | |  0.6
Spellcasting   | |  2.7
Conjurations   | |  0.7
Summonings     | |  0.6
Translocations | |  0.6
Air Magic      | |  0.1
Poison Magic   | |  0.1

Action                   |  1- 3 |  4- 6 || total
-------------------------+-------+-------++-------
Melee: Unarmed           |   166 |    53 ||   219
  Use: Scroll            |     5 |     3 ||     8
       Potion            |       |     1 ||     1
 Stab: Sleeping          |     1 |       ||     1
  Eat: Chunk             |    15 |     2 ||    17
Armor: Robe              |    74 |    11 ||    85
Dodge: Dodged            |    79 |    28 ||   107
